 Dungeon Crawl Stone Soup version 0.28.0-45-g0d030f2227 (webtiles) character file.

Game seed: 10532343654739182590

50 Ablot the Grasshopper (level 3, 0/31 HPs)
             Began as a Gnoll Warper on Apr 9, 2022.
             Slain by Sigmund
             ... wielding a +0 scythe
              (5 damage)
             ... on level 2 of the Dungeon.
             The game lasted 00:01:34 (1809 turns).

Ablot the Grasshopper (Gnoll Warper)                Turns: 1809, Time: 00:01:34

Health: 0/31       AC:  3    Str: 18    XL:     3   Next: 79%
Magic:  9/9        EV: 13    Int: 12    God:
Gold:   91         SH:  0    Dex: 11    Spells: 10/12 levels left

rFire   . . .      SeeInvis .   m - +0 dagger (venom)
rCold   . . .      Faith    .   (no shield)
rNeg    . . .      Spirit   .   b - +0 leather armour
rPois   .          Reflect  .   (no helmet)
rElec   .          Harm     .   (no cloak)
rCorr   .          Rampage  .   (no gloves)
Will    .....                   (no boots)
Stlth   +.........              (no amulet)
HPRegen 0.10/turn               k - +6 ring of strength
MPRegen 0.11/turn               (no ring)

@: no status effects
A: fangs 1, strong nose, distributed training
a: no special abilities


You were on level 2 of the Dungeon.
You visited 1 branch of the dungeon, and saw 2 of its levels.

You collected 91 gold pieces.

Inventory:

Hand Weapons
 a - a +0 spear
 e - a +3 dagger of speed
 m - a +0 dagger of venom (weapon)
Missiles
 d - 5 boomerangs of dispersal
 g - 22 bolts
 i - 22 arrows
 j - 57 sling bullets
 o - a poisoned dart (quivered)
Armour
 b - a +0 leather armour (worn)
 l - a +0 cloak
Jewellery
 k - a +6 ring of strength (left hand)
Scrolls
 c - 2 scrolls of blinking
 f - a scroll of teleportation {unknown}
 h - a scroll of identify {unknown}
Potions
 n - a potion of mutation {unknown}
 p - a potion of heal wounds {unknown}


   Skills:
 + Level 4.6 Fighting
 + Level 1.0 Short Blades
 + Level 1.0 Long Blades
 + Level 1.0 Axes
 + Level 1.0 Maces & Flails
 + Level 4.6 Polearms
 + Level 1.0 Staves
 + Level 1.0 Slings
 + Level 1.0 Bows
 + Level 1.0 Crossbows
 + Level 2.6 Throwing
 + Level 2.6 Armour
 + Level 4.6 Dodging
 + Level 1.0 Stealth
 + Level 1.0 Shields
 + Level 1.0 Unarmed Combat
 + Level 5.0 Spellcasting
 + Level 0.7 Conjurations
 + Level 0.7 Hexes
 + Level 0.7 Summonings
 + Level 0.7 Necromancy
 + Level 5.4 Translocations
 + Level 0.7 Transmutations
 + Level 0.7 Fire Magic
 + Level 0.7 Ice Magic
 + Level 0.7 Air Magic
 + Level 0.7 Earth Magic
 + Level 0.7 Poison Magic
 + Level 1.0 Invocations
 + Level 1.0 Evocations


You had 10 spell levels left.
You knew the following spells:

 Your Spells              Type           Power      Damage    Failure   Level
a - Blink                 Tloc           32%        N/A       3%          2

Your spell library contained the following spells:

 Spells                   Type           Power      Damage    Failure   Level
 Gell's Gravitas          Tloc           16%        N/A       8%          3
 Lesser Beckoning         Tloc           16%        N/A       8%          3
 Teleport Other           Tloc           16%        N/A       8%          3
 Manifold Assault         Tloc           16%        N/A       56%         5


Dungeon Overview and Level Annotations

Branches:
Dungeon (2/15)

Altars:

Annotations:
D:2 Sigmund


Innate Abilities, Weirdness & Mutations

You have very sharp teeth.
Your uncanny sense of smell can sniff out nearby items.
Your experience applies equally to all skills.


Message History

Your Bows skill increases to level 1!
Your Crossbows skill increases to level 1!
Your Stealth skill increases to level 1!
Your Shields skill increases to level 1!
Your Unarmed Combat skill increases to level 1!
Your Evocations skill increases to level 1!
Throw: 2 darts (poison)
Press: ? - help, Q - select action, (/) - cycle Shift-Dir - straight line, f - Sigmund
Aim: Sigmund, wielding a +0 scythe and wearing a +0 robe (55% to hit)
You throw a poisoned dart. The poisoned dart hits Sigmund.
Sigmund is poisoned.
Sigmund casts a spell at you.
You are confused.
Non-targeted confused throw: dart (poison)
Press: ? - help, Q - select action, (/) - cycle Dir - look around, f - activate You throw a poisoned dart.
Sigmund barely misses you.
Unknown command.
You bump into the rock wall.
You bump into the rock wall.
Sigmund gestures at you while chanting.
You are more confused.
Sigmund barely misses you.
You bump into the rock wall.
Sigmund mumbles some strange words.
Sigmund flickers and vanishes!
Deactivating autopickup; reactivate with Ctrl-A.
Something hits you.
You bump into the rock wall.
Something hits you but does no damage.
You see here a poisoned dart.
o - a poisoned dart Something hits you.
Your +0 dagger of venom begins to drip with poison!
m - a +0 dagger of venom (weapon)
You feel less confused. Something hits you!
You closely miss something. Something hits you!
* * * LOW HITPOINT WARNING * * *
You barely miss something. Your punch misses something.
You completely miss something. Something hits you.
You die...

#..... #.... # #. ##.#.
.∆ ∆ ####(..... #...#
### #.###
..###############{###
................@...#
..###..##.##.####.#....#
.## #.....##.# #......#
.# ##.#####.# #........
.#####.#####.# ###.....#
....##.......# .#####
.##.########## .# .##.#
# <...#


There were no monsters in sight!

Vanquished Creatures
  2 adders (D:2)
  4 ball pythons
  2 endoplasms (D:2)
  6 goblins
  3 hobgoblins
  A kobold (D:1)
  3 quokkas
  4 bats
  3 rats
28 creatures vanquished.

Notes
Turn   | Place    | Note
-------+----------+-------------------------------------------
     0 | D:1      | Ablot the Gnoll Warper began the quest for the Orb.
     0 | D:1      | Reached XP level 1. HP: 20/20 MP: 6/6
   366 | D:1      | Reached XP level 2. HP: 20/26 MP: 7/7
   369 | D:1      | Learned a level 2 spell: Blink
  1181 | D:2      | Reached XP level 3. HP: 30/31 MP: 9/9
  1226 | D:2      | Reached skill level 5 in Spellcasting
  1551 | D:2      | Found a faded altar of an unknown god.
  1557 | D:2      | Reached skill level 1 in Invocations
  1786 | D:2      | Noticed Sigmund
  1791 | D:2      | Reached skill level 1 in Short Blades
  1791 | D:2      | Reached skill level 1 in Long Blades
  1791 | D:2      | Reached skill level 1 in Axes
  1791 | D:2      | Reached skill level 1 in Maces & Flails
  1791 | D:2      | Reached skill level 1 in Staves
  1791 | D:2      | Reached skill level 1 in Slings
  1791 | D:2      | Reached skill level 1 in Bows
  1791 | D:2      | Reached skill level 1 in Crossbows
  1791 | D:2      | Reached skill level 1 in Stealth
  1791 | D:2      | Reached skill level 1 in Shields
  1791 | D:2      | Reached skill level 1 in Unarmed Combat
  1791 | D:2      | Reached skill level 1 in Evocations
  1809 | D:2      | Slain by Sigmund

Illustrated notes

Levels and vault maps discovered:
D:1:      scummos_arrival_simple_fountains, layout_basic
D:2:      layout_loops_cross, hellmonk_ecumenical_altar_slurped_away,
          minmay_pentomino_v4, uniq_sigmund, uniq_crazy_yiuf_cottage

Skill      XL: |  1  2  3 |
---------------+----------+-----
Spellcasting   | 5 |  5.0
Invocations    | 1 |  1.0
Short Blades   | 1 |  1.0
Long Blades    | 1 |  1.0
Axes           | 1 |  1.0
Maces & Flails | 1 |  1.0
Staves         | 1 |  1.0
Slings         | 1 |  1.0
Bows           | 1 |  1.0
Crossbows      | 1 |  1.0
Stealth        | 1 |  1.0
Shields        | 1 |  1.0
Unarmed Combat | 1 |  1.0
Evocations     | 1 |  1.0
Fighting       | |  4.6
Polearms       | |  4.6
Throwing       | |  2.6
Armour         | |  2.6
Dodging        | |  4.6
Conjurations   | |  0.7
Hexes          | |  0.7
Summonings     | |  0.7
Necromancy     | |  0.7
Translocations | |  5.4
Transmutations | |  0.7
Fire Magic     | |  0.7
Ice Magic      | |  0.7
Air Magic      | |  0.7
Earth Magic    | |  0.7
Poison Magic   | |  0.7

Action                   || total
-------------------------++-------
Melee: Dagger            ||    83
       Spear             ||     3
       Bite              ||     4
       Punch             ||     1
Throw: Dart              ||     2
 Stab: Sleeping          ||     1
Armor: Leather armour    ||    23
Dodge: Dodged            ||    53
